 Dungeon Crawl Stone Soup version 0.14.1-26-g5a19342 (webtiles) character file.

416 Kae the Insei (level 6, -3/51 HPs)
             Began as a Naga Transmuter on July 26, 2014.
             Killed by divine providence
             ... invoked by an orc priest
              (15 damage)
             ... on Level 4 of the Dungeon.
             The game lasted 00:06:20 (5006 turns).

Kae the Insei (Naga Transmuter)                     Turns: 5006, Time: 00:06:20

HP  -3/51        AC  5     Str 13      XL: 6   Next: 42%
MP  10/10        EV 10     Int 13      God:
Gold 105         SH  0     Dex 13      Spells:  3 memorised,  3 levels left

rFire  + . .     SeeInvis +       - Unarmed
rCold  . . .     Clarity  .     i - +2 robe {rF+}
rNeg   . . .     Conserve .     (no shield)
rPois  +         rCorr    .     (no helmet)
rElec  .         rRot     .     (no cloak)
SustAb . .       Spirit   .     (no gloves)
rMut   .         Warding  .     (no barding)
Saprov . . .     Stasis   .     (no amulet)
MR     .....                    (no ring)
                                (no ring)

@: very slow, not resistant to hostile enchantments, unstealthy
A: spit poison, see invisible, deformed body, poison resistance, slowness 2, AC
+2
a: Spit Poison


You were on level 4 of the Dungeon.
You were not hungry.

You visited 1 branch of the dungeon, and saw 4 of its levels.

You collected 105 gold pieces.

Inventory:

Missiles
 b - 12 arrows
Armour
 c - a +0 robe
 i - a +2 robe of fire resistance (worn)
Comestibles
 a - 8 bread rations
 j - a cheese
 p - a meat ration
 q - 4 rotting chunks of orc flesh
Scrolls
 f - 2 scrolls of remove curse
 n - 2 scrolls of identify {unknown}
 o - a scroll of fear {unknown}
Potions
 h - a potion of heal wounds {unknown}
 k - a potion of agility {unknown}
 l - a potion of porridge
Books
 d - a book of Changes

   Spells                             Type                      Level
   *Beastly Appendage                 Transmutation                1
   *Sticks to Snakes                  Transmutation                2
   *Spider Form                       Transmutation/Poison         3
   Ice Form                           Ice/Transmutation            4
   Blade Hands                        Transmutation                5


   Skills:
 - Level 1.0 Fighting
 - Level 1.5 Dodging
 * Level 5.9 Unarmed Combat
 - Level 2.0 Spellcasting
 + Level 4.1 Transmutations


You had 3 spell levels left.
You knew the following spells:

 Your Spells              Type           Power        Failure   Level  Hunger
a - Beastly Appendage     Trmt           ##....       6%          1    ##.....
b - Sticks to Snakes      Trmt           ##........   10%         2    ###....
c - Spider Form           Trmt/Pois      #.........   34%         3    ####...


Dungeon Overview and Level Annotations

Branches:
Dungeon (4/15)
 Temple: D:4-7

Altars:

Shops:
D:4 :

Annotations:
D:3 Grinder, Natasha
D:4 hurdos' ghost, weakling HOBe


Innate Abilities, Weirdness & Mutations

You cannot wear boots.
You can spit poison.
Your serpentine skin is tough (AC +2).*
You have supernaturally acute eyesight.
Armour fits poorly on your strangely shaped body.*
Your system is resistant to poisons.*
You cover ground very slowly.*


Message History

You feel strangely unstable.
It was a scroll of teleportation.
Hurdos' ghost hits you but does no damage.
Found a stone staircase leading down.
You see here a bat corpse.
Hurdos' ghost barely misses you.
Your surroundings suddenly seem different.
An orc priest comes into view. It is wielding a short sword.
The orc priest shouts!
You hear a shout!
You hear a shout!
You hear a shout!
The orc priest calls down the wrath of Beogh upon you.
Something smites you!
* * * LOW HITPOINT WARNING * * *
An orc comes into view. It is wielding a whip.
You hit the orc priest.
The orc priest is moderately wounded.
The orc priest closely misses you.
You hit the orc priest.
The orc priest is moderately wounded.
The orc priest calls down the wrath of Beogh upon you.
Something smites you!
You die...

# # # # # ... #. # ..#.
##.##### # .....
.....#.####
.......#######.#.#....##.
..o....o@................
.......##.####.#.#....##.
..... ..# #.....#.###.
.### .## ##.# #.# #. ## #
... #. .(...#. ..###...
#.. ... #p. ...


You could see an orc priest and an orc.

Vanquished Creatures
  A hound (D:4)
  An orc priest (D:3)
  An orc wizard (D:3)
  8 adders
  A giant mite (D:2)
  4 worms
  3 giant geckos
  13 orcs
  7 giant cockroaches
  11 goblins
  9 hobgoblins
  6 kobolds
  3 quokkas (D:2)
  A ball python (D:2)
  9 bats
  5 giant newts
  A kobold skeleton (D:4)
  38 rats
122 creatures vanquished.

Notes
Turn   | Place    | Note
--------------------------------------------------------------
     0 | D:1      | Kae, the Naga Transmuter, began the quest for the Orb.
     0 | D:1      | Reached XP level 1. HP: 18/18 MP: 3/3
   284 | D:1      | Reached XP level 2. HP: 18/25 MP: 4/4
   982 | D:2      | Reached XP level 3. HP: 22/31 MP: 4/6
   996 | D:2      | Learned a level 2 spell: Sticks to Snakes
  1000 | D:2      | Learned a level 3 spell: Spider Form
  1157 | D:2      | Reached skill level 4 in Unarmed Combat
  1542 | D:2      | Reached XP level 4. HP: 22/38 MP: 5/7
  2175 | D:2      | Reached XP level 5. HP: 32/44 MP: 9/9
  2437 | D:2      | Reached skill level 5 in Unarmed Combat
  2940 | D:3      | Noticed Grinder
  3316 | D:3      | Paralysed by a potion of paralysis for 2 turns
  4041 | D:3      | Reached XP level 6. HP: 38/51 MP: 10/10
  4366 | D:3      | Noticed Natasha
  4549 | D:3      | Paralysed by Grinder for 4 turns
  4640 | D:4      | Noticed hurdos' ghost (weakling HOBe)
  4716 | D:4      | Found Ter Teah's Book Boutique.
  5006 | D:4      | Killed from afar by an orc priest

Action                   |  1- 3 |  4- 6 || total
-------------------------+-------+-------++-------
Melee: Unarmed           |   136 |   342 ||   478
 Cast: Beastly Appendage |     8 |    22 ||    30
  Use: Potion            |       |     2 ||     2
       Scroll            |       |     3 ||     3
 Stab: Distracted        |       |     1 ||     1
